 Dungeon Crawl Stone Soup version 0.30-a0-373-gd37427bb62 (webtiles) character file.

Game seed: 16108678885091973922

123 tilp the Grave Robber (level 4, -2/33 HPs)
             Began as a Mummy Necromancer on Nov 24, 2022.
             Slain by a gnoll
             ... wielding a +0 club
              (8 damage)
             ... on level 3 of the Dungeon.
             The game lasted 00:03:37 (2222 turns).

tilp the Grave Robber (Mummy Necromancer)           Turns: 2222, Time: 00:03:37

Health: -2/33      AC:  2    Str: 11    XL:     4   Next: 79%
Magic:  6/9        EV: 12    Int: 16    God:
Gold:   54         SH:  0    Dex: 12    Spells: 5/9 levels left

rFire   x . .      SeeInvis .    a - +0 mace
rCold   + . .      Faith    +    (no shield)
rNeg    + + +      Spirit   .    c - +0 robe
rPois   ∞          Reflect  .    (no helmet)
rElec   .          Harm     .    (no cloak)
rCorr   .          Rampage  .    (no gloves)
Will    .....                    (no boots)
Stlth   ++........               i - amulet of magic regeneration
HPRegen 0.25/turn                (no ring)
MPRegen 0.51/turn                (no ring)

@: no status effects
A: cold resistance 1, negative energy resistance 3, torment resistance 2, heat
vulnerability 1, in touch with death 1, no potions, faith
a: no special abilities


You were on level 3 of the Dungeon.
You visited 1 branch of the dungeon, and saw 3 of its levels.

You collected 54 gold pieces.

Inventory:

Hand Weapons
 a - a +0 mace (weapon)
 b - a +0 dagger
Missiles
 g - 6 boomerangs (quivered)
 k - 28 stones
Armour
 c - a +0 robe (worn)
Jewellery
 i - an amulet of magic regeneration (around neck)
Scrolls
 d - a scroll of fear
 e - a scroll of vulnerability
 f - a scroll of silence {unknown}
 h - a scroll of teleportation {unknown}
 j - a scroll of blinking {unknown}


   Skills:
 * Level 2.2 Fighting
 + Level 0.2 Maces & Flails
 - Level 2.0 Dodging
 + Level 2.2 Stealth
 + Level 3.4 Spellcasting
 * Level 4.7 Necromancy


You had 5 spell levels left.
You knew the following spells:

 Your Spells              Type           Power      Damage    Failure   Level
a - Necrotise             Necr           100%       1d9       2%          1
b - Vampiric Draining     Necr           26%        2d7       8%          3

Your spell library contained the following spells:

 Spells                   Type           Power      Damage    Failure   Level
 Animate Dead             Necr           26%        N/A       26%         4
 Kindle Blastsparks       Fire/Tloc/Air  4%         2d10      47%         3
 Agony                    Necr           26%        N/A       56%         5
 Fulminant Prism          Conj/Hex       1%         3d5       87%         4
 Iskenderun's Mystic Bla  Conj/Tloc      2%         2d3       87%         4
 Lee's Rapid Deconstruct  Erth           1%         3d4*      99%         5


Dungeon Overview and Level Annotations

Branches:
Dungeon (3/15)

Altars:


Innate Abilities, Weirdness & Mutations

You are immune to poison.
Your flesh is cold resistant. (rC+)
You are immune to negative energy. (rN+++)
You are immune to unholy pain and torment.
You are vulnerable to heat. (rF-)
You are in touch with the powers of death.
You do not drink.
You have a special connection with the divine. (Faith)


Message History

Aim: a gnoll, wielding a +0 whip and carrying a wand of flame (11) (heavily wounded, chance to affect: 88%)
You feel a surge of power!
The gnoll writhes in agony.
Unknown command.
The gnoll zaps a wand.
The puff of flame misses you.
You hit the gnoll.
You kill the gnoll!
The gnoll drinks a potion.
The gnoll seems to grow stronger.
Unknown command.
Casting: Necrotise (safe; 2% risk of failure)
Confirm with . or Enter, or press ? or * to list all spells.
Aiming: Necrotise (safe; 2% risk of failure)
Press: ? - help, Shift-Dir - straight line, f - gnoll
Aim: a gnoll, wielding a +0 club (lightly wounded, strong, chance to affect: 88%)
You feel a surge of power!
The gnoll writhes in agony.
Unknown command.
Casting: Necrotise (safe; 2% risk of failure)
Confirm with . or Enter, or press ? or * to list all spells.
The spell is quite dangerous to miscast (8% risk of failure)!
Continue anyway?
Okay, then.
Unknown command.
Casting: Vampiric Draining (quite dangerous; 8% risk of failure)
Confirm with . or Enter, or press ? or * to list all spells.
The spell is quite dangerous to miscast (8% risk of failure)!
Continue anyway?
Aiming: Vampiric Draining (quite dangerous; 8% risk of failure)
Press: ? - help, Shift-Dir - straight line, f/p - gnoll
Aim: a gnoll, wielding a +0 club (moderately wounded, strong)
You feel a surge of power!
You draw life force from the gnoll!
The gnoll misses you.
Unknown command.
Unknown command.
You barely miss the gnoll.
The gnoll is severely wounded.
The gnoll barely misses you. The gnoll hits you with a +0 club!
The gnoll hits you with a +0 club.
The gnoll hits you from afar with a +0 halberd!
* * * LOW HITPOINT WARNING * * *
You barely miss the gnoll.
The gnoll is severely wounded.
The gnoll closely misses you. The gnoll hits you with a +0 club!
You die...

.....Z†.# ........#
..g.....#
...g....##
.........# #.#
.......#.# #.#
#......#g# #.#
#......#g# #.#
#......#@# #.#
########'###### #)#
#.......# #.#
#.......# #.#
#.......# #####.#
#.......## #......
#........####.###.#
#........#....#....
####.[).)#.####.#..


You could see 2 gnolls.

Vanquished Creatures
  An orc wizard (D:3)
  A gnoll (D:3)
  3 adders
  A worm (D:2)
  3 dart slugs
  3 orcs (D:3)
  3 endoplasms
  2 giant cockroaches
  6 goblins
  4 hobgoblins
  4 kobolds
  2 quokkas
  6 ball pythons
  3 bats (D:1)
  5 frilled lizards
  3 rats (D:1)
50 creatures vanquished.

Vanquished Creatures (collateral kills)
  A bat (D:1)
1 creature vanquished.

Grand Total: 51 creatures vanquished

Notes
Turn   | Place    | Note
-------+----------+-------------------------------------------
     0 | D:1      | tilp the Mummy Necromancer began the quest for the Orb.
     0 | D:1      | Reached XP level 1. HP: 13/13 MP: 4/4
   377 | D:1      | Reached XP level 2. HP: 20/20 MP: 2/5
   456 | D:1      | Reached skill level 1 in Fighting
   836 | D:1      | Gained mutation: You are in touch with the powers of death.
                  | [Mummy growth]
   836 | D:1      | Reached XP level 3. HP: 26/26 MP: 2/7
  1119 | D:1      | Learned a level 3 spell: Vampiric Draining
  2116 | D:3      | Reached XP level 4. HP: 33/33 MP: 6/8
  2222 | D:3      | Slain by a gnoll

Illustrated notes

Levels and vault maps discovered:
D:1:      erik_arrival_cave_to_civilisation [erik_arrival_cave_to_hall],
          layout_basic
D:2:      layout_basic, serial_bayou, serial_bayou_lagoon_b,
          serial_bayou_shore_a, serial_bayou_crossing, serial_bayou_pond_a
D:3:      layout_basic

Skill      XL: |  1  2  3  4 |
---------------+-------------+-----
Fighting       | 1 2 |  2.2
Spellcasting   | 3 |  3.4
Stealth        | 2 |  2.2
Dodging        | 2 |  2.0
Maces & Flails | |  0.2
Necromancy     | |  4.7

Action                   |  1- 3 |  4- 6 || total
-------------------------+-------+-------++-------
Melee: Dagger            |    16 |     1 ||    17
       Mace              |       |     7 ||     7
Throw: Boomerang         |     8 |     1 ||     9
 Cast: Necrotise         |    67 |    15 ||    82
       Vampiric Draining |     2 |     4 ||     6
  Use: Scroll            |     2 |       ||     2
Armor: Robe              |     2 |     3 ||     5
Dodge: Dodged            |    21 |    14 ||    35

Table legend: (Time is in decaauts)
 A = Elapsed time spent in this place.
 B = Non-inter-level travel time spent in this place.
 C = Inter-level travel time spent in this place.
 D = Time resting spent in this place.
 E = Time spent auto-exploring this place.
 F = Levels seen in this place.
 G = Mean time per level.
                   A        B        C        D        E       F      G
               +--------+--------+--------+--------+--------+-----+--------+
         Total |   2253 |   2231 |     22 |    131 |   1779 |   3 |  751.0 |
       Dungeon |   2253 |   2231 |     22 |    131 |   1779 |   3 |  751.0 |
               +--------+--------+--------+--------+--------+-----+--------+

Top non-repeatable levels by time:
     D:1: 1128 daAuts
     D:2: 987 daAuts
     D:3: 136 daAuts
